 Dungeon Crawl Stone Soup version 0.27-a0-808-g60bc5d92e6 (webtiles) character file.

Game seed: 16029725834650811440

9729 polve the Reanimator (level 11, -4/80 HPs)
             Began as a Demonspawn Abyssal Knight on Mar 28, 2021.
             Was an Elder of Lugonu.
             Slain by Anon1729's ghost (17 damage)
             ... on level 10 of the Dungeon.
             The game lasted 00:18:21 (8884 turns).

polve the Reanimator (Demonspawn Abyssal Knight)    Turns: 8884, Time: 00:18:22

Health: -4/80      AC: 11    Str: 20    XL:     11   Next: 26%
Magic:  13/17      EV: 13    Int: 16    God:    Lugonu [****..]
Gold:   677        SH:  0    Dex: 12    Spells: 3/14 levels left

rFire    . . .     SeeInvis .     - Unarmed
rCold    . . .     Faith    .   (no shield)
rNeg     . . .     Spirit   .   n - +0 chain mail
rPois    .         Reflect  .   (helmet unavailable)
rElec    .         Harm     .   (no cloak)
rCorr    .         Rampage  .   (no gloves)
Will     .....                  C - +1 pair of boots
Stlth    ..........             d - amulet of regeneration
HPRegen  1.23/turn              z - +4 ring of evasion
MPRegen  0.15/turn              j - +6 ring of strength

@: mighty, berserk cooldown, slowed, very slow
A: claws 2, horns 3, condensation shield, demonic magic 2
a: Renounce Religion, Depart the Abyss, Bend Space, Banish, Corrupt


You were on level 10 of the Dungeon.
You worshipped Lugonu.
Lugonu was greatly pleased with you.
You visited 1 branch of the dungeon, and saw 10 of its levels.
You visited the Abyss 1 time.

You collected 677 gold pieces.

Inventory:

Armour
 n - a +0 chain mail (worn)
 C - a +1 pair of boots (worn)
Jewellery
 c - a +4 ring of protection
 d - an amulet of regeneration (around neck)
 j - a +6 ring of strength (right claw)
 x - a +6 ring of dexterity
 z - a +4 ring of evasion (left claw)
Wands
 q - a wand of mindburst (31)
 t - a wand of flame (9)
 y - a wand of iceblast (7)
 A - a wand of acid (11)
 D - a wand of random effects (9)
 F - a wand of digging (4)
Scrolls
 b - 2 scrolls of blinking {unknown}
 f - 3 scrolls of teleportation
 g - 2 scrolls of immolation
 r - a scroll of silence {unknown}
 s - 2 scrolls of enchant armour
 v - a scroll of amnesia {unknown}
 w - a scroll of magic mapping {unknown}
 H - a scroll of fog {unknown}
 J - a scroll of enchant weapon {unknown}
Potions
 a - 2 potions of curing
 e - 3 potions of invisibility
 i - 2 potions of attraction {unknown}
 k - 4 potions of might
 o - 2 potions of lignification {unknown}
 p - a potion of degeneration {unknown}
 u - 2 potions of cancellation {unknown}
 B - a potion of resistance {unknown}
 E - a potion of heal wounds {unknown}
 G - a potion of mutation {unknown}
 I - a potion of ambrosia {unknown}


   Skills:
 + Level 5.3 Fighting
 - Level 2.5 Long Blades
 + Level 4.3 Armour
 + Level 4.0 Dodging
 - Level 5.0 Stealth
 * Level 7.0 Unarmed Combat
 - Level 2.2 Spellcasting
 - Level 12.0 Necromancy
 - Level 8.0 Invocations


You had 3 spell levels left.
You knew the following spells:

 Your Spells              Type           Power      Damage    Failure   Level
a - Pain                  Necr           100%       1d9       1%          1
b - Frozen Ramparts       Ice            2%         1d2       99%         3
d - Animate Dead          Necr           20%        N/A       14%         4
v - Vampiric Draining     Necr           20%        2d8       4%          3

Your spell library contained the following spells:

 Spells                   Type           Power      Damage    Failure   Level
 Animate Skeleton         Necr           80%        N/A       1%          1
 Corona                   Hex            1%         N/A       90%         1
 Freeze                   Ice            4%         1d3       90%         1
 Ensorcelled Hibernation  Hex/Ice        2%         N/A       97%         2
 Confusing Touch          Hex            1%         N/A       99%         3
 Dazzling Flash           Conj/Hex       2%         N/A       99%         3
 Ozocubu's Armour         Ice            1%         N/A       99%         3
 Tukima's Dance           Hex            1%         N/A       99%         3
 Agony                    Necr           40%        N/A       38%         5
 Hailstorm                Conj/Ice       1%         3d3       100%        4
 Summon Ice Beast         Ice/Summ       1%         N/A       100%        4


Dungeon Overview and Level Annotations

Branches:
Dungeon (10/15)            Temple (0/1) D:7            Lair (0/6) D:9
    Orc: D:9-12

Altars:
Ashenzari
Cheibriados
Elyvilon
Fedhas
Gozag
Hepliaklqana
Nemelex Xobeh
Okawaru
Trog
Vehumet
Xom
Yredelemnul

Shops:
D:1 ?   D:3 ?

Annotations:
D:3 3 runed translucent doors, KinemaColour's ghost, amateur HOMo; Lanoc's ghost, amateur DDCK
D:7 exclusion: oklob plant
D:9 exclusion: statue
D:10 Anon1729's ghost, novice FoFi


Innate Abilities, Weirdness & Mutations

You have very sharp fingernails.
You have a pair of large horns on your head.
A meltable shield of frost defends you. (SH +0)
Spells you cast may paralyse nearby enemies.


Message History

Really walk into that cloud of freezing vapour?
Okay, then.
You are no longer berserk.
You are exhausted.
You feel yourself slow down.
You scratch Anon1729's ghost but do no damage.
Your headbutt misses Anon1729's ghost. Your claw misses Anon1729's ghost.
Anon1729's ghost is engulfed in freezing vapours.
Anon1729's ghost hits you.
Your condensation shield dissipates!
Anon1729's ghost burns you.
You feel very mighty all of a sudden.
Anon1729's ghost is engulfed in freezing vapours.
Anon1729's ghost hits you. Anon1729's ghost burns you.
Anon1729's ghost is engulfed in freezing vapours.
Anon1729's ghost completely misses you.
You scratch Anon1729's ghost but do no damage.
Anon1729's ghost is moderately damaged.
Anon1729's ghost hits you. Anon1729's ghost burns you.
You closely miss Anon1729's ghost. You headbutt Anon1729's ghost!
Anon1729's ghost is moderately damaged.
Anon1729's ghost hits you! Anon1729's ghost burns you.
Anon1729's ghost hits you!! Anon1729's ghost burns you!
* * * LOW HITPOINT WARNING * * *
Okay, then.
Space bends sharply around you!
You blink.
Space bends sharply around you!
The spectral centaur warrior blinks!
You blink.
Anon1729's ghost misses you.
Anon1729's ghost hits you but does no damage.
Space bends sharply around you!
You blink.
The spectral centaur warrior barely misses you. x2
Space bends sharply around you!
The spectral centaur warrior blinks!
You blink.
The spectral centaur warrior hits you.
* * * LOW HITPOINT WARNING * * *
The spectral centaur warrior kicks you but does no damage.
Space bends around you!
You blink.
The spectral centaur warrior hits you but does no damage.
The spectral centaur warrior barely misses you.
Anon1729's ghost hits you!
You die...

####### ####.....##
###########.?.......#############
..........###'''###..............
....###...#....§..##..##.....###.
....# #.####.§.W.###(.##..##.# #.
....# #.# #....Z@.##..##..##.# #.
....# #.# ##.![$.###..##..##.# #.
....# #.# #..#.#./##..##..##.# #.
....# #.# ##########..##..##.# #.
....# #.# #.# #..##..##..##.# #.
....# #.# #.# #..##..##..##.# #.
....# #.# #.# #..##..##..##.# #.
....# #.# #.# #......##..##.# #.
....# #.# #.###......##..##.###.


You could see a spectral centaur warrior and Anon1729's ghost.

Vanquished Creatures
  Harold (D:9)
  2 two-headed ogres
  Pikel (D:6)
  2 spectral centaurs (D:10)
  An elephant (D:8)
  A centaur zombie (D:10)
  2 trolls
  Prince Ribbit (D:5)
  A hornet (D:9)
  A spectral meliai (D:10)
  A centaur simulacrum (D:10)
  6 yaks (D:9)
  An acid dragon (D:10)
  2 water moccasins
  2 orc warriors
  2 ice beasts (D:7)
  2 sky beasts (D:8)
  2 black bears (D:9)
  2 necrophages
  2 centaurs (D:8)
  3 ogres
  A kobold brigand (D:6)
  2 bullfrogs
  2 wyvern zombies (D:7)
  2 scorpions
  6 killer bees (D:8)
  18 wights
  An electric eel (D:8)
  2 hounds
  A jelly (D:4)
  A gnoll shaman (D:10)
  5 orc priests
  A centaur skeleton (D:5)
  Jessica (D:3)
  Ijyb (D:5)
  3 iguanas
  Natasha (thrice) (D:2)
  5 orc wizards
  2 killer bee zombies
  3 howler monkey zombies (D:9)
  8 adders
  4 gnolls (D:10)
  A howler monkey skeleton (D:7)
  A shadow imp (D:8)
  An adder skeleton (D:4)
  2 worms
  A dart slug (D:3)
  18 orcs
  5 endoplasms
  2 giant cockroaches
  3 goblins
  5 hobgoblins
  4 jackals (D:1)
  20 kobolds
  3 quokkas
  2 ball pythons
  2 bats (D:1)
  2 frilled lizards (D:2)
  6 rats
188 creatures vanquished.

Vanquished Creatures (others)
  10 fungi
  11 plants (D:7)
  4 starspawn tentacles (Abyss:1)
25 creatures vanquished.

Grand Total: 213 creatures vanquished

Notes
Turn   | Place    | Note
-------+----------+-------------------------------------------
     0 | Abyss:1  | polve the Demonspawn Abyssal Knight began the quest for the
                  | Orb.
     0 | Abyss:1  | Reached XP level 1. HP: 18/18 MP: 2/2
   154 | Abyss:1  | Noticed a tentacled starspawn
   175 | Abyss:1  | Noticed a freezing wraith
   188 | Abyss:1  | Noticed a tentacled starspawn
   189 | D:1      | Escaped the Abyss
   344 | D:1      | Reached * piety under Lugonu
   352 | D:1      | Gained mutation: You have a pair of small horns on your
                  | head. [demonic ancestry]
   352 | D:1      | Reached XP level 2. HP: 20/24 MP: 3/3
   496 | D:1      | Reached skill level 1 in Unarmed Combat
   682 | D:1      | Found Vifetam's Magic Scroll Emporium.
   833 | D:1      | Gained mutation: You have sharp fingernails. [demonic
                  | ancestry]
   833 | D:1      | Reached XP level 3. HP: 29/29 MP: 4/4
  1122 | D:2      | Noticed Natasha
  1130 | D:2      | Killed Natasha
  1181 | D:2      | Gained mutation: A meltable shield of frost defends you.
                  | (SH +0) [demonic ancestry]
  1181 | D:2      | Reached XP level 4. HP: 21/35 MP: 5/5
  1262 | D:2      | Noticed Natasha
  1283 | D:2      | Killed Natasha
  1333 | D:2      | Noticed Natasha
  1346 | D:2      | Killed Natasha
  1866 | D:2      | Gained mutation: Spells you cast may paralyse adjacent
                  | enemies. [demonic ancestry]
  1866 | D:2      | Reached XP level 5. HP: 41/41 MP: 6/6
  1963 | D:3      | Reached skill level 1 in Dodging
  2154 | D:3      | Found a runed translucent gate.
  2154 | D:3      | Found a runed translucent gate.
  2154 | D:3      | Found a runed translucent gate.
  2158 | D:3      | Noticed KinemaColour's ghost (amateur HOMo)
  2158 | D:3      | Noticed Lanoc's ghost (amateur DDCK)
  2189 | D:3      | Reached ** piety under Lugonu
  2278 | D:3      | Found a basalt altar of Yredelemnul.
  2349 | D:3      | Found Woriol's Magic Scroll Emporium.
  2461 | D:3      | Found a hazy altar of Hepliaklqana.
  2506 | D:3      | Noticed Jessica
  2512 | D:3      | Killed Jessica
  2765 | D:4      | Found a basalt altar of Yredelemnul.
  3259 | D:4      | Gained mutation: You have a pair of horns on your head.
                  | [demonic ancestry]
  3259 | D:4      | Reached XP level 6. HP: 47/47 MP: 7/7
  3384 | D:5      | Entered Level 5 of the Dungeon
  3410 | D:5      | Noticed Prince Ribbit
  3485 | D:5      | Killed Prince Ribbit
  3530 | D:5      | Reached skill level 5 in Unarmed Combat
  3530 | D:5      | Gained mutation: Spells you cast may paralyse nearby
                  | enemies. [demonic ancestry]
  3530 | D:5      | Reached XP level 7. HP: 53/53 MP: 8/8
  3685 | D:5      | Noticed Ijyb
  3692 | D:5      | Killed Ijyb
  3727 | D:5      | Learned a level 3 spell: Frozen Ramparts
  3823 | D:5      | Learned a level 3 spell: Vampiric Draining
  3847 | D:6      | Reached skill level 1 in Necromancy
  3910 | D:6      | Reached skill level 2 in Necromancy
  3927 | D:6      | Reached skill level 3 in Necromancy
  4092 | D:6      | Noticed Pikel
  4107 | D:6      | Killed Pikel
  4108 | D:6      | Reached skill level 6 in Necromancy
  4108 | D:6      | Reached XP level 8. HP: 52/60 MP: 9/9
  4117 | D:6      | Reached skill level 7 in Necromancy
  4244 | D:6      | Found a snail-covered altar of Cheibriados.
  4246 | D:6      | Found an iron altar of Okawaru.
  4496 | D:7      | Found a shimmering altar of Xom.
  4559 | D:7      | Reached skill level 8 in Necromancy
  4602 | D:7      | Found an opulent altar of Gozag.
  4655 | D:7      | Found a blossoming altar of Fedhas.
  4698 | D:7      | Noticed an oklob plant
  4720 | D:7      | Reached *** piety under Lugonu
  4768 | D:7      | Reached skill level 9 in Necromancy
  4768 | D:7      | Gained mutation: You have very sharp fingernails. [demonic
                  | ancestry]
  4768 | D:7      | Reached XP level 9. HP: 65/65 MP: 10/10
  4905 | D:7      | Reached skill level 10 in Necromancy
  5022 | D:7      | Found a staircase to the Ecumenical Temple.
  5330 | D:8      | Found a sparkling altar of Nemelex Xobeh.
  5395 | D:8      | Reached skill level 11 in Necromancy
  5942 | D:8      | Reached skill level 12 in Necromancy
  6404 | D:8      | Learned a level 1 spell: Pain
  6617 | D:8      | Gained mutation: You have a pair of large horns on your
                  | head. [demonic ancestry]
  6617 | D:8      | Reached XP level 10. HP: 49/65 MP: 11/11
  6891 | D:9      | Reached **** piety under Lugonu
  6892 | D:9      | Noticed an elephant
  6936 | D:8      | Killed an elephant
  6989 | D:9      | Found a staircase to the Lair.
  7032 | D:9      | Reached skill level 1 in Stealth
  7151 | D:9      | Noticed Harold
  7300 | D:9      | Found a radiant altar of Vehumet.
  7310 | D:9      | Noticed a two-headed ogre
  7326 | D:9      | Found a broken altar of Ashenzari.
  7454 | D:9      | Killed Harold
  7455 | D:9      | Reached skill level 5 in Stealth
  7463 | D:9      | Paralysed by a hornet for 1 turns
  7465 | D:9      | Paralysed by a hornet for 2 turns
  7549 | D:9      | Found a broken altar of Ashenzari.
  7607 | D:9      | Found a bloodstained altar of Trog.
  7844 | D:9      | Killed a two-headed ogre
  7850 | D:9      | Learned a level 4 spell: Animate Dead
  7932 | D:10     | Entered Level 10 of the Dungeon
  8295 | D:10     | Noticed a two-headed ogre
  8300 | D:10     | Reached XP level 11. HP: 72/78 MP: 15/17
  8328 | D:10     | Killed a two-headed ogre
  8336 | D:10     | Reached skill level 5 in Fighting
  8506 | D:10     | Found a runed translucent gate.
  8506 | D:10     | Found a runed translucent gate.
  8506 | D:10     | Found a runed translucent gate.
  8507 | D:10     | Noticed Anon1729's ghost (novice FoFi)
  8884 | D:10     | Slain by Anon1729's ghost

Illustrated notes

Levels and vault maps discovered:
D:1:      dpeg_arrival_chambers_temple_mockup, layout_basic, serial_shops,
          nicolae_shop_crystal
D:2:      layout_basic, hangedman_glass_teeth, uniq_natasha
D:3:      layout_basic, kennysheep_ying_yang, nicolae_overflow_crystal_walls,
          gammafunk_ghost_cemetery, serial_shops, shop_scrolls,
          nrook_loot_triangle, uniq_jessica
D:4:      layout_loops_ring, yredelemnul_altar_generic
D:5:      layout_rooms, uniq_ijyb, uniq_prince_ribbit1
D:6:      layout_basic, nicolae_overflow_hidden_temple, minmay_misc_feat_tiny,
          uniq_pikel
D:7:      layout_gridville, tgw_fedhas, kennysheep_mini,
          minmay_temple_entry_arrows, basic_altar
D:8:      layout_basic, lemuel_doored_altar, lightli_minifort
D:9:      layout_small_grid, evilmike_ruin_ashenzari, vehumet_statue,
          bloody_trog, david_lair_generic, lemuel_tele_altar, uniq_harold
D:10:     layout_long_grid, gammafunk_ghost_necromancy

Skill      XL: |  1  2  3  4  5  6  7  8  9 10 11 |
---------------+----------------------------------+-----
Long Blades    | 2 |  2.5
Unarmed Combat | 1 2 3 4 5 6 7 |  7.0
Dodging        | 1 2 3 4 |  4.0
Armour         | 2 3 4 |  4.3
Fighting       | 4 5 |  5.3
Necromancy     | 6 9 12 | 12.0
Stealth        | 5 |  5.0
Invocations    | 8 |  8.0
Spellcasting   | 2 |  2.2

Action                   |  1- 3 |  4- 6 |  7- 9 | 10-12 || total
-------------------------+-------+-------+-------+-------++-------
Melee: Falchion          |    87 |    52 |       |       ||   139
       Headbutt          |     9 |    26 |    63 |    51 ||   149
       Punch             |       |     1 |     7 |     5 ||    13
       Unarmed           |       |    90 |   356 |   160 ||   606
 Cast: Vampiric Draining |       |       |     5 |     2 ||     7
       Pain              |       |       |       |    65 ||    65
       Animate Dead      |       |       |       |     1 ||     1
Invok: Depart the Abyss  |     1 |       |       |       ||     1
       Bend Space        |       |       |       |    13 ||    13
  Use: Potion            |       |       |     3 |     4 ||     7
       Scroll            |       |       |       |     4 ||     4
 Stab: Paralysed         |       |       |     3 |    33 ||    36
Armor: Leather armour    |    51 |    23 |       |       ||    74
       Chain mail        |       |    39 |   187 |    91 ||   317
Dodge: Dodged            |    71 |    41 |   118 |    75 ||   305
Block: Other             |       |    16 |    44 |    29 ||    89
       Rpst.: Falchion   |    29 |     6 |       |       ||    35

Table legend: (Time is in decaauts)
 A = Elapsed time spent in this place.
 B = Non-inter-level travel time spent in this place.
 C = Inter-level travel time spent in this place.
 D = Time resting spent in this place.
 E = Time spent auto-exploring this place.
 F = Levels seen in this place.
 G = Mean time per level.
                   A        B        C        D        E       F      G
               +--------+--------+--------+--------+--------+-----+--------+
         Total |   8860 |   8577 |    283 |      0 |   6963 |  11 |  805.5 |
       Dungeon |   8671 |   8388 |    283 |      0 |   6810 |  10 |  867.1 |
         Abyss |    189 |    189 |      0 |      0 |    153 |   1 |  189.0 |
               +--------+--------+--------+--------+--------+-----+--------+

Top non-repeatable levels by time:
     D:8: 1720 daAuts
     D:9: 961 daAuts
    D:10: 942 daAuts
     D:1: 940 daAuts
     D:2: 855 daAuts
     D:3: 808 daAuts
     D:6: 712 daAuts
     D:7: 673 daAuts
     D:4: 615 daAuts
     D:5: 438 daAuts
 Abyss:1: 189 daAuts
